[Event "Early-Titled-Tuesday-Blitz-February-20-2024"]
[Site "Chess.com"]
[Date "2024.02.20"]
[Round "4"]
[White "Jospem"]
[Black "VitaliyBernadskiy"]
[Result "1-0"]
[WhiteElo "3084"]
[BlackElo "2871"]
[TimeControl "180+1"]
[EndTime "8:39:52 PST"]
[Termination "Jospem won by resignation"]

1. e4 g6 2. d4 d6 3. c3 Nf6 4.
Bd3 Bg7 5. Nf3 O-O 6. O-O Nc6 7.
h3 e5 8. Re1 h6 9. Be3 d5 10.
dxe5 Nxe4 11. Nbd2 Bf5 12. Qc2 Nxd2 13. Qxd2 Be4 14. Nd4 Nxe5 15. Bxe4 dxe4 16. Bxh6 c5 17. Bxg7 Kxg7 18. Rxe4 cxd4 19. Rxe5 dxc3 20. Qxc3 Qf6 21.
Re3 Rac8 22. Qxf6+ Kxf6 23. Re2 Rfe8 24. Rae1 Rxe2 25.
Rxe2 a5 26. h4 b5 27. Kh2 b4 28. Kg3 Rc1 29. b3 Rc3+ 30. f3 Rd3 31. Rc2 a4 32. bxa4 Ra3 33. Kg4 Rxa4 34. f4 Ra5 35. g3 Ra3 36. Rb2 Kg7 37. f5 gxf5+ 38. Kxf5 Rxg3 39. Rxb4 Ra3 40. Rb2 Ra4 41. Rg2+ Kh6 42. h5 Ra5+ 43. Kf6 Rxh5 44. a4 Rh1 45. Rf2 Kh5 46. Ra2 Rf1+ 47. Ke5 f5 48. a5 f4 49. Kf5 Kh4 50. a6 f3 51. a7 f2 52. a8=Q Rg1 53. Qh8+ 1-0

[Event "Early-Titled-Tuesday-Blitz-February-20-2024"]
[Site "Chess.com"]
[Date "2024.02.20"]
[Round "4"]
[White "ATM622"]
[Black "karinachess1"]
[Result "1-0"]
[WhiteElo "2502"]
[BlackElo "2661"]
[TimeControl "180+1"]
[EndTime "8:39:52 PST"]
[Termination "ATM622 won by checkmate"]

1. d4 Nf6 2. c4 e6 3. g3 d5 4.
Bg2 dxc4 5. Nf3 Nc6 6. O-O Rb8 7.
a4 a6 8. a5 Bb4 9. Bd2 Nd5 10.
e4 Nf6 11. Bxb4 Nxb4 12. Qa4+ Nc6 13. d5 exd5 14. exd5 Qxd5 15. Re1+ Be6 16. Ne5 Qb5 17. Qxb5 axb5 18. Nxc6 bxc6 19. Bxc6+ Ke7 20. Rd1 Bd7 21. Bf3 c6 22. Nc3 Rhd8 23. Re1+ Kf8 24. a6 Rb6 25. Red1 Ra8 26. Ne4 Nxe4 27. Rxd7 Nc5 28. Rc7 Rbxa6 29. Rxa6 Rxa6 30. Bxc6 b4 31. Bb5 Ra1+ 32.
Kg2 Nd3 33. Bxc4 Nxb2 34. Bxf7 Nd3 35. Bc4 Ne5 36. Be6 Rb1 37. f4 Nd3 38. Bf5 Rb2+ 39. Kf3 Ne1+ 40. Ke4 g6 41. Be6 Rxh2 42. Rb7 Re2+ 43.
Kd5 Nd3 44. Rxh7 Re3 45. Rf7+ Ke8 46. Rg7 Rxg3 47. Kd6 Kf8 48. Rg8# 1-0

[Event "Early-Titled-Tuesday-Blitz-February-20-2024"]
[Site "Chess.com"]
[Date "2024.02.20"]
[Round "4"]
[White "LionTheLeon_06"]
[Black "Ural_bogatyr"]
[Result "1-0"]
[WhiteElo "2882"]
[BlackElo "2588"]
[TimeControl "180+1"]
[EndTime "8:39:53 PST"]
[Termination "LionTheLeon_06 won on time"]

1. c4 Nf6 2. Nc3 e6 3. Nf3 d5 4. e3 c5 5. cxd5 exd5 6. d4 Nc6 7. Bb5 cxd4 8. Nxd4 Bd7 9. O-O Bd6 10. Nf3 Be6 11. b3 O-O 12. Bb2 a6 13. Be2 Ne4 14.
Rc1 Re8 15. Qd3 Nc5 16. Qd2 Ne4 17. Qd3 Nc5 18. Qb1 Qe7 19. Rfd1 Red8 20. Bf1 Rac8 21. Ne2 Ne4 22. Ng3 Bg4 23. Be2 Bb8 24. Qa1 f6 25. Qb1 f5 26. Ba1 f4 27. Nf1 Kh8 28.
Qb2 Bh5 29. Re1 Qf7 30. Rcd1 fxe3 31. Nxe3 d4 32. Nf1 Nc3 33. Rd3 Nxe2+ 34. Qxe2 Re8 35.
Qd2 Rxe1 36. Qxe1 Re8 37. Qc1 Qg6 38. Qd1 Bg4 39. Bxd4 Nxd4 40. Rxd4 Rf8 41. Ng3 Bxf3 42. Qxf3 1-0

[Event "Early-Titled-Tuesday-Blitz-February-20-2024"]
[Site "Chess.com"]
[Date "2024.02.20"]
[Round "4"]
[White "RobertoJBM"]
[Black "MaxLeto"]
[Result "1-0"]
[WhiteElo "2825"]
[BlackElo "2568"]
[TimeControl "180+1"]
[EndTime "8:39:54 PST"]
[Termination "RobertoJBM won by resignation"]

1. d4 d5 2. Nf3 Nf6 3. e3 e6 4.
Bd3 c5 5. c3 Nc6 6. Nbd2 b6 7.
Ne5 Bb7 8. Bb5 Qc7 9. Qa4 Rc8 10.
Qxa7 Bd6 11. Bxc6+ Bxc6 12. Qxc7 Rxc7 13. Nxc6 Rxc6 14.
Ke2 O-O 15. dxc5 bxc5 16. c4 Rb8 17. Rd1 Ra6 18. a3 h5 19. h3 Be5 20. Ra2 Rab6 21. cxd5 exd5 22. b3 Bc3 23. Bb2 Bxb2 24. Rxb2 c4 25.
Rc1 cxb3 26. Rc3 Ne4 27. Rcxb3 Rxb3 28. Rxb3 Ra8 29. Nxe4 dxe4 30. Kd2 f5 31. Kc3 Kh7 32. h4 Kh6 33. Kb2 Ra6 34. Rb5 g6 35. Kb3 Kg7 36. a4 Kf6 37. a5 Re6 38. Rb6 Ke5 39. Rxe6+ Kxe6 40. Kc4 Kd6 41. Kb5 Kc7 42. Kc5 Kb7 43.
Kd6 Ka6 44. Ke5 Kxa5 45. Kf6 Kb4 46. Kxg6 Kc3 47. Kxf5 Kd2 48. Kxe4 Ke2 49. f3 Kf2 50. g4 Kg3 51. gxh5 Kxh4 52. h6 Kg5 53. h7 Kg6 54. h8=R Kf7 55. Rh5 Kg6 56. Rf5 Kg7 57. Kf4 Kg6 58.
e4 Kg7 59. Ke5 Kg6 60. Ke6 Kg7 61. Rf6 Kg8 62. Rf7 Kh8 63. Kf6 Kg8 64. e5 Kh8 65. e6 Kg8 66. e7 Kh8 1-0

[Event "Early-Titled-Tuesday-Blitz-February-20-2024"]
[Site "Chess.com"]
[Date "2024.02.20"]
[Round "4"]
[White "yuriydovzik"]
[Black "KetiTsatsalashvili"]
[Result "1-0"]
[WhiteElo "2150"]
[BlackElo "2429"]
[TimeControl "180+1"]
[EndTime "8:39:54 PST"]
[Termination "yuriydovzik won on time"]

1. a3 Nf6 2. b4 g6 3. Bb2 Bg7 4. c4 O-O 5. g3 d5 6. cxd5 Qxd5 7.
Nf3 c6 8. Bg2 Qd8 9. O-O Bg4 10.
h3 Bf5 11. d3 Qc8 12. Kh2 Rd8 13. Nbd2 h5 14. Qc2 a5 15. Nc4 Nbd7 16. Nxa5 Nb6 17. e4 Bd7 18. Bd4 Qc7 19. Be5 Qc8 20. Rac1 Be6 21.
Nd4 Ng4+ 22. hxg4 Bxe5 23. Nxe6 Qxe6 24. Nxb7 Rdc8 25. gxh5 Kg7 26. Bh3 Qf6 27. f4 Bb2 28. e5 Bxe5 29. fxe5 Qxe5 30. Bxc8 Rxc8 31. Qc3 Qxc3 32.
Rxc3 Nd5 33. Rc5 Rh8 34. Rxc6 Rxh5+ 35. Kg1 Rg5 36. Kh2 Rh5+ 37. Kg1 Rg5 38. Rf3 Re5 39.
Rc5 e6 40. Na5 Re2 41. Nc4 Ra2 42. Nd6 f5 43. Rxd5 exd5 44. d4 Rd2 45. Rb3 Rxd4 46.
b5 Rd1+ 47. Kf2 Rd2+ 48. Ke3 Rg2 49. Kf3 1-0

[Event "Early-Titled-Tuesday-Blitz-February-20-2024"]
[Site "Chess.com"]
[Date "2024.02.20"]
[Round "4"]
[White "campochess"]
[Black "MdChess1734"]
[Result "0-1"]
[WhiteElo "2145"]
[BlackElo "2393"]
[TimeControl "180+1"]
[EndTime "8:39:54 PST"]
[Termination "MdChess1734 won on time"]

1. e4 c5 2. b4 cxb4 3. d4 g6 4.
a3 bxa3 5. c3 Bg7 6. Nxa3 Nc6 7.
Bd3 d6 8. Ne2 Nf6 9. O-O O-O 10.
Nc2 Qc7 11. Bd2 Rd8 12. Qc1 d5 13. e5 Ne4 14. Be1 f6 15. f3 Ng5 16. h4 Nf7 17. f4 Bg4 18. Ne3 Bxe2 19. Bxe2 fxe5 20. fxe5 Bh6 21. Bd2 Qd7 22. Ng4 Bxd2 23. Qxd2 Qe6 24. Rxf7 Kxf7 25. Qh6 Kg8 26. h5 Rf8 27. Qg5 Kh8 28. Bd3 gxh5 29. Qxh5 Qf7 30. Qh4 Qg7 31. Ne3 e6 32. Ng4 Rf4 33. Be2 Rg8 34. Rf1 Rxf1+ 35. Kxf1 Rf8+ 36. Nf6 Ne7 37. Bd3 Ng8 38. Bxh7 Nxf6 39.
Bd3+ Nh7+ 40. Kg1 Rg8 41. Bf1 Qg5 42. Qh3 Rg6 43. Bd3 Rh6 44. Qf3 Kg7 0-1

[Event "Early-Titled-Tuesday-Blitz-February-20-2024"]
[Site "Chess.com"]
[Date "2024.02.20"]
[Round "4"]
[White "Rozhkov_V"]
[Black "Timerkhanov"]
[Result "1-0"]
[WhiteElo "2428"]
[BlackElo "2625"]
[TimeControl "180+1"]
[EndTime "8:39:56 PST"]
[Termination "Rozhkov_V won by resignation"]

1. c4 c6 2. e4 d5 3. cxd5 cxd5 4. exd5 Nf6 5. Bb5+ Nbd7 6. Nc3 g6 7. a4 a6 8. Bc4 Nb6 9. d3 Nbxd5 10. Nxd5 Nxd5 11. Qb3 e6 12. Ne2 Bg7 13. Nc3 Nxc3 14. bxc3 Qa5 15. Bd2 O-O 16. O-O Rb8 17. Bf4 e5 18. Be3 Qc7 19.
Ba7 Ra8 20. Bb6 Qe7 21. a5 Bd7 22. Bd5 Bc6 23. Bxc6 bxc6 24. Qc4 Qd7 25. Rab1 Qd5 26. Qxd5 cxd5 27. Bc5 Rfc8 28. d4 exd4 29. cxd4 Bf8 30.
Rfc1 Bxc5 31. dxc5 Rc6 32. Rb6 Rac8 33. Rxc6 Rxc6 34.
Kf1 Kf8 35. Ke2 Ke7 36. Kd3 Rf6 37. f3 Rf4 38. Rb1 Ra4 39. Rb7+ Ke8 40. c6 Kd8 41. Rxf7 Rxa5 42. Rxh7 Rc5 43. Rd7+ Kc8 44. Kd4 Rxc6 45.
Rxd5 Rc2 46. Rg5 Rd2+ 47. Kc3 Rf2 48. Rxg6 Kb7 49. h4 a5 50. h5 Rf1 51. h6 a4 52. Kb4 Rh1 53. Kxa4 Rh5 54. Kb4 Rh4+ 55. g4 1-0

[Event "Early-Titled-Tuesday-Blitz-February-20-2024"]
[Site "Chess.com"]
[Date "2024.02.20"]
[Round "4"]
[White "AnaKuchava"]
[Black "Magic-Nelwyn"]
[Result "0-1"]
[WhiteElo "2214"]
[BlackElo "2485"]
[TimeControl "180+1"]
[EndTime "8:39:56 PST"]
[Termination "Magic-Nelwyn won on time"]

1. d4 d6 2. Nf3 g6 3. c4 Bg7 4. Nc3 e5 5. e4 exd4 6. Nxd4 Nc6 7. Be3 Nge7 8. Be2 O-O 9. O-O f5 10. Qd2 fxe4 11. Nxe4 Nf5 12. Nxc6 bxc6 13. Bg5 Qd7 14. Bf3 Rb8 15. Rab1 Nd4 16. Bd1 Qf5 17. f3 c5 18. Bc2 Qf7 19. Bd3 Bf5 20. b3 Rbe8 21.
Nc3 Bxd3 22. Qxd3 c6 23. Rbe1 h6 24. Bh4 Kh7 25. Bg3 Qd7 26. Ne4 Re6 27. Nd2 Rfe8 28. Rxe6 Rxe6 29. Re1 Qe7 30. Rxe6 Qxe6 31. Qe4 Ne2+ 32.
Kf2 Qxe4 33. Nxe4 Nxg3 34. hxg3 Bf8 35. Ke3 Kg7 36. g4 Kf7 37. Kf4 Ke6 38. g5 h5 39.
Nf6 Be7 40. Ne4 d5 41. cxd5+ cxd5 42. Nc3 Bd6+ 43. Ke3 Be5 44. Nb5 a6 45. Na3 Kf5 46. Nc2 Kxg5 47. g3 Bxg3 0-1

[Event "Early-Titled-Tuesday-Blitz-February-20-2024"]
[Site "Chess.com"]
[Date "2024.02.20"]
[Round "4"]
[White "AsaHoffmann"]
[Black "profedechess93"]
[Result "1-0"]
[WhiteElo "2364"]
[BlackElo "2640"]
[TimeControl "180+1"]
[EndTime "8:39:57 PST"]
[Termination "AsaHoffmann won by resignation"]

1. d4 d5 2. Bg5 Nd7 3. c4 c6 4. cxd5 cxd5 5. Nc3 Ngf6 6. e3 Ne4 7. Nxe4 dxe4 8. Qd2 h6 9. Bf4 Qb6 10. a3 e5 11. dxe5 Nc5 12. Bc4 Be6 13. Bxe6 Nd3+ 14. Kf1 Qxe6 15. Ne2 Bc5 16. Nc3 Qf5 17. Bg3 Rd8 18.
Qe2 h5 19. h3 h4 20. Bh2 Rh6 21. Kg1 Rg6 22. Rf1 Bb6 23. g4 Qf3 24. Qxf3 exf3 25.
Bf4 Nxb2 26. Ne4 Nc4 27. Kh2 Rd3 28. Ng5 Rxa3 29. Nxf3 Ra2 30. Nxh4 Rc6 31. Nf5 g6 32. Nd6+ Ke7 33. Nxc4 Rxc4 34. Kg3 Ke6 35. h4 Raa4 36. h5 g5 37. Bxg5 Rxg4+ 38. Kf3 Rxg5 39. h6 Rg8 40. h7 Rh8 41. Rh5 Bc7 42. Rg1 Bxe5 43. Rg8 Bf6 44. Rh6 Ke7 45. Rxf6 Rxh7 46. Rf4 Rxf4+ 47. Kxf4 Kd6 48.
Ra8 a6 49. e4 Kc6 50. e5 Rh4+ 51. Kg5 Rh3 52. f4 Rh7 53. Kf6 Kb6 54. f5 a5 55. e6 fxe6 56. fxe6 Kb5 57. e7 Rxe7 58. Kxe7 a4 59. Kd6 Kb4 60. Kc7 b5 61. Kc6 Kc4 62. Ra5 b4 63. Rxa4 Kb3 64. Kb5 1-0

[Event "Early-Titled-Tuesday-Blitz-February-20-2024"]
[Site "Chess.com"]
[Date "2024.02.20"]
[Round "4"]
[White "manipun1"]
[Black "chess94cu"]
[Result "0-1"]
[WhiteElo "2411"]
[BlackElo "2659"]
[TimeControl "180+1"]
[EndTime "8:39:57 PST"]
[Termination "chess94cu won on time"]

1. e4 c5 2. Nf3 Nc6 3. Bb5 Nf6 4. Bxc6 dxc6 5. d3 Bg4 6. Nc3 Qc7 7. Be3 e5 8. h3 Bh5 9. g4 Bg6 10. Qd2 h5 11. g5 Nd7 12. Nh4 Bd6 13. Ne2 Nf8 14.
f4 exf4 15. Nxf4 O-O-O 16. Nhxg6 Nxg6 17. Nxg6 fxg6 18. O-O-O Be5 19. Rdf1 b6 20. Rf3 Rhf8 21. Rhf1 Rxf3 22. Rxf3 Qe7 23. Qf2 Qe6 24. Kb1 Rd7 25. Rf8+ Kb7 26. Rf3 a5 27. a3 a4 28. Qf1 b5 29. Bxc5 Ka6 30. Rf8 Kb7 31. Be3 Bd6 32.
Rf3 b4 33. axb4 Bxb4 34. c3 Be7 35. Bd4 c5 36. Bg1 Qb3 37. d4 a3 38. Qe2 Bxg5 39.
Be3 Bxe3 40. Rxe3 Rf7 41. Rd3 Rf1+ 0-1

[Event "Early-Titled-Tuesday-Blitz-February-20-2024"]
[Site "Chess.com"]
[Date "2024.02.20"]
[Round "4"]
[White "Kotlyar_K"]
[Black "InitiatingASC"]
[Result "1/2-1/2"]
[WhiteElo "2594"]
[BlackElo "2388"]
[TimeControl "180+1"]
[EndTime "8:39:58 PST"]
[Termination "Game drawn by repetition"]

1. e4 c5 2. Nf3 Nc6 3. d4 cxd4 4. Nxd4 Nf6 5. Nc3 e5 6. Ndb5 h6 7. Nd6+ Bxd6 8. Qxd6 Qe7 9. Qd1 O-O 10. Bc4 d6 11. O-O Be6 12. Bb3 Nd4 13. Be3 Nxb3 14. axb3 a6 15. Qd3 Rad8 16. Bb6 Rd7 17. Rfe1 d5 18.
exd5 Nxd5 19. Nxd5 Bxd5 20. Qe3 Qf6 21. Rad1 Qg6 22. g3 Qh5 23. c4 Bc6 24. Rxd7 Bxd7 25. Bc7 Re8 26. c5 Bc6 27. Bd6 Bf3 28. Qc3 e4 29.
Qc4 Re6 30. b4 Rg6 31. Rxe4 Qh3 32. Re8+ Kh7 33. Qf1 Qd7 34. Re3 Bc6 35. f3 Re6 36. Qd3+ g6 37. Kf2 Rxe3 38. Qxe3 Qh3 39. Kg1 Qf5 40.
Kg2 Qc2+ 41. Qf2 Qf5 42. h3 h5 43. Kh2 Bd7 44. g4 Qg5 45. f4 Qf6 46. g5 Qf5 47. Qg2 Qd3 48. Be5 Bc6 49. Qf2 Qe4 50.
Kg3 Qd3+ 51. Kh4 Qe4 52. Kg3 Qd3+ 53. Kh2 Qe4 54. Kg3 1/2-1/2

[Event "Early-Titled-Tuesday-Blitz-February-20-2024"]
[Site "Chess.com"]
[Date "2024.02.20"]
[Round "4"]
[White "AnishOnYoutube"]
[Black "DreamsAreFake"]
[Result "1-0"]
[WhiteElo "3008"]
[BlackElo "2751"]
[TimeControl "180+1"]
[EndTime "8:39:59 PST"]
[Termination "AnishOnYoutube won by resignation"]

1. e4 c6 2. d4 d5 3. e5 c5 4. Nf3 Bg4 5. dxc5 Nc6 6. c3 e6 7. Be3 Nge7 8. Bb5 Qc7 9. Nbd2 Ng6 10. Qa4 Bxf3 11. Nxf3 a6 12. Bxc6+ bxc6 13. Bd4 Be7 14.
O-O O-O 15. Rfe1 Rfb8 16. b4 a5 17. Qb3 axb4 18. cxb4 Qa7 19. Reb1 Qa4 20. a3 Nf8 21. Ne1 Nd7 22. Nd3 h6 23. Qxa4 Rxa4 24. Re1 Rba8 25.
Bb2 Nb8 26. Nc1 Kf8 27. Ne2 R4a7 28. Nd4 Ke8 29. f4 g6 30. g4 Kd7 31. Kg2 Na6 32. Rad1 Rb7 33. Bc1 Nc7 34. Rd3 Rg8 35. Kf1 Nb5 36.
Nxb5 Rxb5 37. Rh3 Bf8 38. Ke2 Rb7 39. Kd1 Rb8 40. Kc2 Bg7 41. Kb3 Bf8 42. Be3 Bg7 43.
Bd4 Bf8 44. Rf1 Bg7 45. a4 Bf8 46. Rb1 h5 47. gxh5 gxh5 48. Rxh5 Rg2 49. Rh7 Bg7 50. Rb2 Rg4 51. Rf2 Ke7 52. Rf3 Kf8 53. Rg3 Rxf4 54. Rhxg7 1-0

[Event "Early-Titled-Tuesday-Blitz-February-20-2024"]
[Site "Chess.com"]
[Date "2024.02.20"]
[Round "4"]
[White "Triumphmate"]
[Black "TemploVillamarin"]
[Result "1-0"]
[WhiteElo "2514"]
[BlackElo "2249"]
[TimeControl "180+1"]
[EndTime "8:39:59 PST"]
[Termination "Triumphmate won on time"]

1. e4 d5 2. exd5 Qxd5 3. Nc3 Qa5 4. g3 Nf6 5. Bg2 c6 6. Nge2 Bg4 7. d3 Qh5 8. h3 Bf3 9. O-O Bxg2 10. Kxg2 e5 11. Ng1 Qxd1 12. Rxd1 Nbd7 13. Be3 Nd5 14. Nxd5 cxd5 15.
d4 e4 16. Ne2 Bd6 17. b3 O-O-O 18. c4 dxc4 19. bxc4 f5 20. Bf4 Nf6 21. d5 h6 22.
Bxd6 Rxd6 23. Nd4 g6 24. Nb5 Ra6 25. c5 Rd8 26. Nd6+ Raxd6 27. cxd6 Rxd6 28. g4 Rxd5 29. Rxd5 Nxd5 30. gxf5 gxf5 31. Rb1 a6 32. Kg3 b5 33. Rd1 Nc3 34. Rc1 b4 35. Kf4 Kd7 36. Kxf5 Nxa2 37.
Ra1 Nc3 38. Rxa6 Kc7 39. Ke5 Kb7 40. Ra1 Kb6 41. Kd4 Kb5 42. Ra8 Ne2+ 43. Kxe4 Kc4 44. Rc8+ Kb3 45. f4 Nc3+ 46. Ke5 Kc2 47. f5 b3 48. f6 Kd3 49. f7 b2 50. f8=Q b1=Q 51.
Qf5+ 1-0

[Event "Early-Titled-Tuesday-Blitz-February-20-2024"]
[Site "Chess.com"]
[Date "2024.02.20"]
[Round "4"]
[White "Szparu"]
[Black "YairParkhov"]
[Result "1-0"]
[WhiteElo "2781"]
[BlackElo "2556"]
[TimeControl "180+1"]
[EndTime "8:40:00 PST"]
[Termination "Szparu won by resignation"]

1. e4 c5 2. c3 e6 3. d4 d5 4. e5 Nc6 5. Nf3 Bd7 6. Be2 Nge7 7. O-O cxd4 8. cxd4 Ng6 9. Nc3 Be7 10. Be3 O-O 11.
a3 a5 12. Bd3 h6 13. Qc2 Be8 14. g3 f5 15. exf6 Rxf6 16. Kg2 Qd7 17. Na4 e5 18. Nxe5 Ncxe5 19. dxe5 Nh4+ 20. Kh1 Qh3 21. Rg1 Nf3 22. Rg2 Nxe5 23. Nb6 d4 24. Bxd4 Bc6 25. Be4 Raf8 26. Bxc6 Rxc6 27. Qb3+ Nf7 28. Nd5 Bd8 29. Re1 Kh8 30. Qxb7 Rd6 31. Bc5 Qf5 32. Bxd6 Nxd6 33.
Qc6 Ne4 34. Nf4 Nf6 35. Qe6 Qc2 36. Qe2 Qf5 37. Qd3 Qxd3 38. Nxd3 Bb6 39. Ne5 Kh7 40. h3 Rc8 41. Re2 Bd4 42. Nf3 Rc1+ 43. Rg1 Rc4 44. Nxd4 Rxd4 45. Rge1 Rc4 46. Kg2 a4 47. Rd1 Rc5 48. Rd4 Ra5 49. Rc2 Kg6 50. Rcc4 Rb5 51. Rb4 Re5 52. Kf1 h5 53. Rxa4 Rc5 54. Rac4 Re5 55.
b4 Kf5 56. Rc5 g5 57. Rxe5+ Kxe5 58. Rd1 g4 59. h4 Ke4 60. Ke2 Nd5 61. Rxd5 Kxd5 62.
Kd3 Ke5 63. a4 Kd5 64. a5 Kc6 65. Kc4 Kb7 66. Kc5 Ka7 67. b5 Kb7 68. b6 Ka6 69.
Kc6 Kxa5 70. b7 Kb4 71. b8=Q+ Kc4 72. Qd6 Kc3 73. Qd5 Kb4 74. Kb6 Ka3 75. Qc4 Kb2 76. Qd3 Ka2 77. Qc3 Kb1 78. Qd2 Ka1 79. Kb5 Kb1 80. Kb4 1-0

[Event "Early-Titled-Tuesday-Blitz-February-20-2024"]
[Site "Chess.com"]
[Date "2024.02.20"]
[Round "4"]
[White "aRk_iN"]
[Black "N_Mullodzhanov"]
[Result "0-1"]
[WhiteElo "2175"]
[BlackElo "2475"]
[TimeControl "180+1"]
[EndTime "8:40:00 PST"]
[Termination "N_Mullodzhanov won on time"]

1. d4 Nf6 2. Bg5 g6 3. Nc3 d5 4. Bxf6 exf6 5. g3 Bg7 6. Bg2 c6 7. e3 O-O 8. Nge2 f5 9. O-O Nd7 10. Na4 Re8 11. b3 Nf6 12. c4 Ne4 13. cxd5 cxd5 14.
Qd3 Bd7 15. Rfc1 Bxa4 16. bxa4 Rc8 17. Nf4 Qd7 18. Qb3 Rxc1+ 19. Rxc1 Rd8 20. Qc2 Bf6 21. Bf1 a6 22. Nd3 Kg7 23. Be2 Nd6 24. Nc5 Qe7 25.
Qb3 Bxd4 26. exd4 Qxe2 27. Qxd5 Qd2 28. Rb1 b5 29. axb5 axb5 30. Qe5+ Kg8 31. Qe7 Qa5 32. Re1 Qb6 33. Nd7 Rxd7 34. Qxd7 Qxd4 35. Qd8+ Kg7 36. Qe7 Ne4 37. Rf1 Nd2 38. Re1 Nf3+ 39. Kf1 Nxe1 40. Kxe1 Qe4+ 41. Qxe4 fxe4 42. Kd2 f5 43. Kc3 Kf6 44. Kb4 Ke5 45. Kxb5 Kd4 46. a4 Kd3 47. a5 Ke2 48. a6 Kxf2 49. a7 e3 50. a8=Q e2 51. Qa7+ Kf1 52. Qb7 e1=Q 53. Qh1+ Kf2 0-1

[Event "Early-Titled-Tuesday-Blitz-February-20-2024"]
[Site "Chess.com"]
[Date "2024.02.20"]
[Round "4"]
[White "Zallio"]
[Black "Happy1712Drummer"]
[Result "1-0"]
[WhiteElo "2156"]
[BlackElo "2357"]
[TimeControl "180+1"]
[EndTime "8:40:00 PST"]
[Termination "Zallio won on time"]

1. d4 d5 2. Nf3 e6 3. e3 c5 4. Be2 Nc6 5. O-O Nf6 6. b3 Be7 7.
Bb2 O-O 8. Nbd2 Bd7 9. Re1 Rc8 10.
Rc1 a6 11. c4 cxd4 12. exd4 Qa5 13. a3 Rfe8 14. b4 Qd8 15. c5 Qc7 16. Bd3 Bf8 17. Qb3 Ng4 18. h3 Nh6 19. a4 Na7 20. b5 axb5 21. axb5 Qd8 22. Ra1 Ra8 23. Bc3 Nf5 24. Ba5 Qf6 25. Bb6 Nxd4 26. Nxd4 Qxd4 27. Nf3 Qf6 28. Rxa7 e5 29. Be2 e4 30. Nh2 Qg6 31.
Kh1 Be6 32. Rxa8 Rxa8 33. c6 d4 34. Bc4 Bxc4 35. Qxc4 bxc6 36. bxc6 d3 37. Qxe4 d2 38. Qb1 dxe1=Q+ 39. Qxe1 Qxc6 40. Be3 Re8 41. Nf3 g6 42.
Qd2 Qa4 43. Bd4 Qb5 44. Qf4 Qb1+ 45. Kh2 Re6 46. Qd2 Bd6+ 47. g3 Qb3 48. Kg2 Re8 49.
Qg5 Qb7 50. Qf6 1-0

[Event "Early-Titled-Tuesday-Blitz-February-20-2024"]
[Site "Chess.com"]
[Date "2024.02.20"]
[Round "4"]
[White "Abund"]
[Black "OneTrickPony_82"]
[Result "1-0"]
[WhiteElo "2779"]
[BlackElo "2553"]
[TimeControl "180+1"]
[EndTime "8:40:01 PST"]
[Termination "Abund won by resignation"]

1. e4 e5 2. Nf3 Nc6 3. Bb5 a6 4.
Ba4 Nf6 5. d3 b5 6. Bb3 Bc5 7. Nc3 d6 8. Nd5 Na5 9. Bg5 Nxb3 10.
axb3 Be6 11. Bxf6 gxf6 12. Nh4 c6 13. Ne3 d5 14. Qf3 Rg8 15. Nef5 Rg5 16. O-O Qd7 17. h3 Kd8 18. Kh2 Kc8 19. Rfd1 Kb7 20. c3 Rag8 21. b4 Bb6 22. g3 d4 23. Nh6 R8g6 24. N6f5 Rg8 25.
Nh6 R8g6 26. Nxg6 hxg6 27. h4 Rh5 28. Ng8 Bd8 29. Nxf6 Bxf6 30. Qxf6 dxc3 31. bxc3 Bg4 32. f3 Be6 33. d4 g5 34. dxe5 Qc8 35. Qd8 gxh4 36. Qxc8+ Bxc8 37. g4 Rxe5 38. Kh3 c5 39. Kxh4 cxb4 40. cxb4 Re6 41. Kg3 Rc6 42. Rdc1 Rd6 43.
Rd1 Rf6 44. Rac1 Be6 45. Rc5 Bc4 46. Rf5 Rd6 47. Rxd6 1-0

[Event "Early-Titled-Tuesday-Blitz-February-20-2024"]
[Site "Chess.com"]
[Date "2024.02.20"]
[Round "4"]
[White "nj123456"]
[Black "sewlins"]
[Result "1-0"]
[WhiteElo "2450"]
[BlackElo "2136"]
[TimeControl "180+1"]
[EndTime "8:40:01 PST"]
[Termination "nj123456 won on time"]

1. e4 c5 2. c3 d5 3. exd5 Qxd5 4. d4 Nf6 5. Nf3 Nc6 6. Na3 Bg4 7. Be2 cxd4 8. Nb5 O-O-O 9. Nbxd4 e5 10. Nxc6 Qxc6 11.
Qb3 Be6 12. Qc2 e4 13. Ng5 Bd5 14. O-O h6 15. Nh3 g5 16. Be3 Ng4 17. Bxg4+ Kb8 18. b3 Bd6 19. c4 Qc7 20. g3 h5 21. Bf5 f6 22. Bxe4 Be6 23. Bf5 Bf7 24. Kg2 h4 25.
Rad1 hxg3 26. hxg3 Rde8 27. Be4 Bh5 28. Rde1 Bg4 29.
Ng1 Rh6 30. f3 Reh8 31. fxg4 Rh2+ 32. Kf3 Rxc2 33. Bxc2 Bxg3 34. Rd1 Bd6 35. Bf5 Re8 36. Rd3 Qc6+ 37. Kf2 Bc5 38. Re1 Rh8 39. Nf3 Qc7 40.
Bxc5 Qxc5+ 41. Kg2 a6 42. Rde3 Ka7 43. Re8 Rxe8 44.
Rxe8 Qa3 45. Re2 Qa5 46. Be4 Qb4 47. Bd5 Qc5 48. Nd2 Qa3 49. Nf3 1-0

[Event "Early-Titled-Tuesday-Blitz-February-20-2024"]
[Site "Chess.com"]
[Date "2024.02.20"]
[Round "4"]
[White "Zohid6"]
[Black "Oleksandr_Bortnyk"]
[Result "1/2-1/2"]
[WhiteElo "2873"]
[BlackElo "3067"]
[TimeControl "180+1"]
[EndTime "8:40:03 PST"]
[Termination "Game drawn by repetition"]

1. e4 Nf6 2. Nc3 d5 3. exd5 Nxd5 4. Qf3 Nb4 5. Bc4 e6 6. Bb3 N8c6 7. Nge2 Nd4 8. Nxd4 Qxd4 9. d3 Be7 10. O-O O-O 11.
Re1 a5 12. a3 Nc6 13. Nb5 Qd8 14. Bf4 Bd6 15. Nxd6 cxd6 16. Qg3 Nd4 17. Bxd6 Nf5 18. Bc7 Qd4 19. Qe5 a4 20. Bc4 Bd7 21. c3 Qxe5 22. Bxe5 b5 23. Ba2 Bc6 24. Rad1 Rfd8 25. d4 Bd5 26. Bb1 Ne7 27. Rd3 f6 28. Bf4 Nc6 29. h4 Rd7 30. h5 Na5 31. Rg3 Nc4 32. Re2 Rf8 33. Ba2 f5 34. Bxc4 bxc4 35. Be5 Rb7 36. f4 Rff7 37. Kh2 Kf8 38. Bd6+ Kg8 39. h6 g6 40. Bb4 Rfd7 41. Re5 Kf7 42. Kh3 Kf6 43. Kh4 Rb8 44. Rge3 Rb6 45. g4 fxg4 46. Kxg4 Rb8 47. Re2 Rc8 48. Kg3 Rg8 49. Rg5 Rc8 50. Ree5 Ra8 51.
Kf2 Rb8 52. Ke3 Kf7 53. Kd2 Kf6 54. Ke3 Kf7 55. Kf2 Kf6 56. Re3 Kf7 57. Kg3 Kf6 58.
Rge5 Rg8 59. Kg4 Rb8 60. Re2 Rb6 61. Bc5 Rb8 62. Rg5 Bc6 63. Bb4 Bd5 64. Rge5 1/2-1/2

[Event "Early-Titled-Tuesday-Blitz-February-20-2024"]
[Site "Chess.com"]
[Date "2024.02.20"]
[Round "4"]
[White "2KTNGO"]
[Black "inagreV"]
[Result "0-1"]
[WhiteElo "2522"]
[BlackElo "2373"]
[TimeControl "180+1"]
[EndTime "8:40:03 PST"]
[Termination "inagreV won on time"]

1. e4 c5 2. Nf3 Nc6 3. Bb5 e6 4. Bxc6 bxc6 5. O-O Ne7 6. b3 f6 7.
Bb2 Ng6 8. d4 cxd4 9. Nxd4 Be7 10.
c4 O-O 11. Re1 c5 12. Nb5 Qb6 13. N1c3 a6 14. Na4 Qc6 15. Nbc3 Bb7 16. Qd2 f5 17. Rad1 Rad8 18. f3 Bh4 19. Rf1 d6 20. exf5 Rxf5 21. Ne4 Be7 22. Ng3 Bg5 23. Qc3 Rf7 24. Ne4 Bf4 25.
Naxc5 Qb6 26. Kh1 dxc5 27. Rxd8+ Qxd8 28. Nxc5 Be5 29. Qc2 Bxb2 30. Qxb2 Qb6 31. b4 h6 32.
Rd1 Nf4 33. a3 Bc6 34. Qe5 Nxg2 35. Rd6 Bxf3 36. Kg1 Qc7 37. Qxe6 Nf4 38. Qe8+ Rf8 39. Qd7 Qxd7 40. Nxd7 Re8 41. Kf2 Bg4 42. Kg3 Bxd7 43. Rxd7 Ne2+ 44. Kf2 Nc3 45. c5 Nb5 46. c6 Rc8 47. a4 Nc3 48. c7 Kh7 49. Kf3 Nxa4 50.
Ke4 Nc3+ 51. Ke5 Nb5 52. Ke6 Rxc7 53. Rxc7 Nxc7+ 54. Kd7 Nb5 0-1

[Event "Early-Titled-Tuesday-Blitz-February-20-2024"]
[Site "Chess.com"]
[Date "2024.02.20"]
[Round "4"]
[White "Flameboard08"]
[Black "ARMQUEEN"]
[Result "0-1"]
[WhiteElo "2707"]
[BlackElo "2502"]
[TimeControl "180+1"]
[EndTime "8:40:04 PST"]
[Termination "ARMQUEEN won by checkmate"]

1. f4 d6 2. Nf3 c5 3. d3 f6 4. e4 e5 5. g3 Nc6 6. Bg2 Be7 7. O-O Nh6 8. Nc3 Nf7 9. Nd5 O-O 10. c4 a6 11. f5 b5 12. b3 Rb8 13. h4 a5 14. a4 bxc4 15. bxc4 Nb4 16. g4 Nxd5 17. exd5 Qb6 18. Nd2 e4 19. Rb1 Qc7 20. Rxb8 Qxb8 21. Nxe4 Ne5 22. Bf4 Bd7 23. Bxe5 fxe5 24.
h5 h6 25. f6 gxf6 26. Ng3 Qb2 27. Be4 Qd4+ 28. Kg2 Rb8 29. Rf2 Qe3 30. Bf5 Be8 31.
Be6+ Kf8 32. Nf5 Qg5 33. Kh3 Rb4 34. Ng3 Bxa4 35. Qf1 Be8 36. Ne4 Qg7 37. Rf3 a4 38. Qc1 Rb3 39. Qa1 a3 40. Bf5 Ba4 41. Bg6 Bd8 42.
Qf1 Ke7 43. Nxf6 Rb2 44. Ne4 Be8 45. Bxe8 Kxe8 46. Nxd6+ Kd7 47. Ne4 Kc8 48. Qa1 Qe7 49. Qxa3 Qh4# 0-1